 Dungeon Crawl Stone Soup version 0.31.0-11-ge490571c62 (webtiles) character file.

Game seed: 9505592341295874122

100 qw the Shooter (level 4, 0/25 HPs)
             Began as a Deep Elf Hunter on Feb 5, 2024.
             Succumbed to an adder's poison
             ... on level 2 of the Dungeon.
             The game lasted 00:00:32 (1073 turns).

qw the Shooter (Deep Elf Hunter)                    Turns: 1073, Time: 00:00:33

Health: 0/25       AC:  6    Str: 10    XL:     4   Next: 46%
Magic:  6/6        EV: 11    Int: 14    God:
Gold:   67         SH:  0    Dex: 18    Spells: 3/3 levels left

rFire   . . .        a - +0 shortbow
rCold   . . .        (shield currently unavailable)
rNeg    . . .        k - +0 ring mail
rPois   .            (no helmet)
rElec   .            (no cloak)
rCorr   .            (no gloves)
SInv    .            h - +0 pair of boots
Will    .....        (no amulet)
Stlth   +            (no ring)
HPRegen 0.24/turn    (no ring)
MPRegen 0.10/turn

%: no passive effects
@: lethally poisoned (0 -> -4)
A: no striking features
a: no special abilities


You were on level 2 of the Dungeon.
You visited 1 branch of the dungeon, and saw 2 of its levels.

You collected 67 gold pieces.


   Skills:
 - Level 1.5 Fighting
 + Level 7.9 Ranged Weapons
 - Level 2.4 Dodging
 - Level 1.2 Stealth


You had 3 spell levels left.
You didn't know any spells.
Your spell library was empty.

Inventory:

Hand Weapons
 a - a +0 shortbow (weapon)
Armour
 h - a +0 pair of boots (worn)
 k - a +0 ring mail (worn)
Jewellery
 l - an amulet of the acrobat
Scrolls
 c - 3 scrolls of identify
 f - a scroll of fear {unknown}
 i - a scroll of vulnerability {unknown}
Potions
 b - a potion of mutation {unknown}
 d - 2 potions of lignification {unknown}
 e - a potion of might {unknown}
 g - a potion of enlightenment {unknown}
 j - a potion of heal wounds {unknown}
 m - a potion of magic {unknown}

Dungeon Overview and Level Annotations

Branches:
Dungeon (2/15)

Altars:


Message History

You feel sick. The adder bites you but does no damage. The adder bites you.
You shoot an arrow. The arrow misses the adder.
You feel sick. The adder completely misses you.
You shoot an arrow. The arrow misses the adder.
You feel sick. The adder barely misses you. x2
You shoot an arrow. The arrow completely misses the adder.
You feel sick. The adder completely misses you.
The adder bites you but does no damage.
You shoot an arrow. The arrow completely misses the adder.
You feel sick.
You are no longer poisoned.
The adder bites you.
You are poisoned.
The adder poisons you!
A giant cockroach comes into view.
You shoot an arrow. The arrow barely misses the adder.
You feel sick. The adder bites you.
You are more poisoned.
The adder poisons you! The adder barely misses you.
You shoot an arrow. The arrow misses the adder.
You feel very sick. The adder bites you.
You are lethally poisoned!
The adder poisons you!
You shoot an arrow. The arrow hits the adder!
The adder is almost dead.
You feel very sick. The adder barely misses you.
You shoot an arrow. The arrow hits the adder.
You kill the adder!
You feel very sick. The bat barely misses you. The bat hits you.
You shoot an arrow. The arrow hits the bat!
You kill the bat!
You feel sick. The giant cockroach barely misses you.
You shoot an arrow. The arrow hits the giant cockroach.
You kill the giant cockroach!
You feel sick.
There is a lethal amount of poison in your body!
You die...

#####... #.).#... #.<.#.8.
#### ## # #...#... #..
.#.######...#+#' #.#
.#.##.......+... #.# ...
#.<...}.#...
####.######%####.......'...
#.........@...######...#'#'
#.##.######...# #...#...
#.##.# #...... #.<.#.8.
#.##.# #.#### #...#...
#.##.. .# #####... #.###. #
###... #.# .# #..... #.# .#
#..... #.# ##....


There were no monsters in sight!

Vanquished Creatures
  Natasha (D:2)
  3 adders (D:2)
  2 dart slugs (D:2)
  5 endoplasms
  4 giant cockroaches
  2 goblins (D:1)
  7 hobgoblins
  3 kobolds
  A quokka (D:1)
  2 ball pythons
  4 bats
  6 frilled lizards
  A rat (D:1)
41 creatures vanquished.

Notes
Turn   | Place    | Note
-------+----------+-------------------------------------------
     0 | D:1      | qw the Deep Elf Hunter began the quest for the Orb.
     0 | D:1      | Reached XP level 1. HP: 12/12 MP: 3/3
     0 | D:1      | 0 ||| qw: Version: 0.3-a-160-g6735b56
     0 | D:1      | 0 ||| qw: Game counter: 6493
     0 | D:1      | 0 ||| qw: Melee chars always use a shield: true
     0 | D:1      | 0 ||| qw: God list: Okawaru
     0 | D:1      | 0 ||| qw: Allow faded altars: false
     0 | D:1      | 0 ||| qw: Do Orc after clearing Dungeon:15 true
     0 | D:1      | 0 ||| qw: Do second Lair branch before Depths: true
     0 | D:1      | 0 ||| qw: Lair rune preference: random
     0 | D:1      | 0 ||| qw: Goals: Normal
     0 | D:1      | 0 ||| PLANNING D:1-11
    63 | D:1      | HP: 2/12 [hobgoblin (4)]
    69 | D:1      | Reached XP level 2. HP: 4/16 MP: 4/4
   130 | D:1      | Reached skill level 6 in Ranged Weapons
   474 | D:1      | 474 ||| UPGRADING to +0 pair of boots.
   479 | D:1      | 479 ||| UPGRADING to +0 ring mail.
   489 | D:1      | 489 ||| DROPPING +0 leather armour.
   490 | D:1      | 490 ||| DROPPING +6 ring of intelligence.
   491 | D:1      | 491 ||| READING scroll labelled PAOCIYL ROLIM.
   491 | D:1      | 491 ||| IDENTIFYING fizzy silvery potion
   492 | D:1      | 492 ||| READING scroll labelled OKKIYL WIUC.
   493 | D:1      | 493 ||| READING 2 scrolls labelled LYZAAV WAOKEI.
   494 | D:1      | 494 ||| READING scroll labelled BASO ANNIUR.
   499 | D:1      | 499 ||| DROPPING scroll of butterflies.
   500 | D:1      | 500 ||| DROPPING potion of attraction.
   501 | D:1      | 501 ||| DROPPING scroll of revelation.
   705 | D:2      | Reached XP level 3. HP: 17/20 MP: 5/5
   807 | D:2      | Noticed Natasha
   814 | D:2      | Killed Natasha
   815 | D:2      | Reached skill level 7 in Ranged Weapons
   815 | D:2      | Reached XP level 4. HP: 13/25 MP: 6/6
   957 | D:2      | 957 ||| FLEEEEING.
   958 | D:2      | 958 ||| FLEEEEING.
   959 | D:2      | 959 ||| FLEEEEING.
   960 | D:2      | 960 ||| FLEEEEING.
   961 | D:2      | 961 ||| FLEEEEING.
   962 | D:2      | 962 ||| FLEEEEING.
   963 | D:2      | 963 ||| FLEEEEING.
   970 | D:2      | 970 ||| FLEEEEING.
   971 | D:2      | 971 ||| FLEEEEING.
   972 | D:2      | 972 ||| FLEEEEING.
   973 | D:2      | 973 ||| FLEEEEING.
  1070 | D:2      | HP: 4/25 [poisoned by an adder]
  1072 | D:2      | HP: 1/25 [poisoned by an adder]
  1073 | D:2      | Succumbed to an adder's poison

Levels and vault maps discovered:
D:1:      dpeg_arrival_pits, layout_basic, minmay_pentomino_t4
D:2:      layout_loops_ring, nicolae_elevator_lobby_plus, uniq_natasha

Skill      XL: |  1  2  3 |
---------------+----------+-----
Ranged Weapons | 6 7 |  7.9
Fighting       | |  1.5
Dodging        | |  2.4
Stealth        | |  1.2

Action                     |  1- 3 |  4- 6 || total
---------------------------+-------+-------++-------
   Fire: Shortbow          |    94 |    30 ||   124
    Use: Scroll            |     4 |       ||     4
 Armour: Leather armour    |    15 |       ||    15
         Ring mail         |    11 |    12 ||    23
  Dodge: Dodged            |    32 |    10 ||    42

Table legend:
 A = Non-vault XP
 B = Vault XP
 C = Vault XP percentage of total XP
 D = Non-vault monster count
 E = Vault monster count
 F = Vault count percentage of total count
                 A         B        C        D         E       F
            +---------+---------+-------+---------+---------+-------
      Total |     101 |      42 |  29.4 |      36 |       5 |  12.2
            +---------+---------+-------+---------+---------+-------
        D:1 |      29 |       5 |  14.7 |      18 |       4 |  18.2
        D:2 |      72 |      37 |  33.9 |      18 |       1 |   5.3
            +---------+---------+-------+---------+---------+-------
